 Dungeon Crawl Stone Soup version 0.28-a0-1312-g71652a0310 (webtiles) character file.

Game seed: 10738453839875204385

4288 wakim the Summoner (level 10, -7/42 HPs)
             Began as a Felid Summoner on Dec 27, 2021.
             Was an Initiate of Gozag.
             Hit by a javelin thrown by a minotaur (23 damage)
             ... in a Gauntlet.
             The game lasted 01:26:18 (17547 turns).

wakim the Summoner (Felid Summoner)                Turns: 17547, Time: 01:26:19

Health: -7/42      AC:  3    Str:  4    XL:     10   Next: 10%
Magic:  17/17      EV: 35    Int: 27    God:    Gozag
Gold:   900        SH:  0    Dex: 17    Spells: 0/17 levels left
                                        Lives:  0   Deaths: 2

rFire   . . .      SeeInvis +   (weapon unavailable)
rCold   + . .      Faith    .   (shield unavailable)
rNeg    . . .      Spirit   .   (armour unavailable)
rPois   .          Reflect  .   (helmet unavailable)
rElec   .          Harm     .   (cloak unavailable)
rCorr   .          Rampage  .   (gloves unavailable)
Will    +....      NoTele   +   (boots unavailable)
Stlth   ++........              c - amulet of the acrobat
HPRegen 0.14/turn               h - ring of flight
MPRegen 0.15/turn               k - +6 ring of intelligence

@: acrobatic, flying, quick
A: very small, claws 1, fangs 3, see invisible, speed 1, shaggy fur 3, stealthy
paws, no weapons or thrown items, no armour, multi-lived
a: Renounce Religion, Potion Petition, Call Merchant, Bribe Branch


You were in a Gauntlet.
You worshipped Gozag.
Gozag was pleased with you.
You visited 3 branches of the dungeon, and saw 13 of its levels.
You also visited: Ossuary and Gauntlet.

You collected 1537 gold pieces.
You spent 520 gold pieces at shops.
You paid 117 gold pieces to Gozag.

Inventory:

Jewellery
 c - an amulet of the acrobat (around neck)
 h - a ring of flight (left paw)
 k - a +6 ring of intelligence (right paw)
 E - a ring of ice
 L - a +4 ring of evasion
 M - a ring of positive energy
 R - a +4 ring of slaying
 U - the ring of the Modern Friars {rC++ rCorr Str+2 SInv}
   (You found it in a Gauntlet)

   [ring of resist corrosion]

   Str:       It affects your strength (+2).
   rC:        It greatly protects you from cold.
   SInv:      It lets you see invisible.
   rCorr:     It protects you from acid and corrosion.
Wands
 u - a wand of mindburst (8)
Scrolls
 j - 2 scrolls of amnesia
 T - 3 scrolls of teleportation
 V - 2 scrolls of acquirement {unknown}
 W - a scroll of silence {unknown}
 X - 2 scrolls of fog
Potions
 i - a potion of flight {unknown}
 B - 2 potions of attraction {!q}
 C - a potion of berserk rage {!q}
 D - 2 potions of brilliance
 F - a potion of ambrosia {unknown}
 H - 3 potions of haste
 I - a potion of magic {unknown}
 J - 2 potions of heal wounds
 K - a potion of invisibility {unknown}
 N - a potion of might
 O - 2 potions of resistance
 P - a potion of cancellation {unknown}
 S - 2 potions of mutation {unknown}
 Z - 2 potions of lignification {unknown}
Miscellaneous
 m - a phantom mirror


   Skills:
 + Level 3.9 Fighting
 + Level 6.1 Dodging
 - Level 2.6 Stealth
 - Level 4.0 Spellcasting
 - Level 5.0 Hexes
 + Level 14.7 Summonings
 + Level 4.9 Translocations
 - Level 10.0 Air Magic


You couldn't memorise any spells.
You knew the following spells:

 Your Spells              Type           Power      Damage    Failure   Level
a - Summon Forest         Summ/Tloc      27%        N/A       3%          5
b - Summon Guardian Gole  Hex/Summ       56%        N/A       1%          3
c - Call Canine Familiar  Summ           71%        N/A       1%          3
x - Call Imp              Summ           71%        N/A       1%          2
z - Summon Lightning Spi  Summ/Air       64%        N/A       1%          4

Your spell library contained the following spells:

 Spells                   Type           Power      Damage    Failure   Level
 Apportation              Tloc           64%        N/A       1%          1
 Summon Small Mammal      Summ           100%       N/A       1%          1
 Gell's Gravitas          Tloc           32%        N/A       3%          3
 Teleport Other           Tloc           32%        N/A       3%          3
 Animate Skeleton         Necr           10%        N/A       8%          1
 Dazzling Flash           Conj/Hex       36%        N/A       9%          3
 Silence                  Hex/Air        22%        N/A       10%         5
 Summon Hydra             Summ           35%        N/A       16%         7
 Stone Arrow              Conj/Erth      10%        3d7       24%         3
 Fulminant Prism          Conj/Hex       9%         3d7       28%         4
 Iskenderun's Mystic Bla  Conj/Tloc      18%        2d6       28%         4
 Dispersal                Tloc           16%        N/A       85%         6
 Agony                    Necr           5%         N/A       91%         5
 Lee's Rapid Deconstruct  Erth           2%         3d6*      91%         5
 Eringya's Noxious Bog    Tmut/Pois      2%         N/A       100%        6
 Lehudib's Crystal Spear  Conj/Erth      2%         10d2      100%        8
 Animate Armour           Summ/Erth      Unusable   N/A       N/A         4

Dungeon Overview and Level Annotations

Branches:
Dungeon (10/15)            Temple (1/1) D:7            Lair (2/6) D:10
 Spider (0/4) Lair:2          Orc (0/2) D:9         Ossuary (visited)
Gauntlet (1/1)
  Swamp: Lair:2-4    Shoals: Lair:2-4     Snake: Lair:2-4

Altars:
Gozag
Hepliaklqana
Kikubaaqudgha
Makhleb
Nemelex Xobeh
Ru
Sif Muna
Wu Jian
Xom
The Shining One

Shops:
D:9 (   D:10 *

Annotations:
Gauntlet 6 transporters, 1 runed translucent door, exclusion: obsidian statue


Innate Abilities, Weirdness & Mutations

You have sharp claws.
You have razor-sharp teeth.
You have supernaturally acute eyesight. (SInv)
You cover ground quickly. (Speed+)
Your thick and shaggy fur keeps you warm. (AC +3, rC+)
Your paws help you pounce on unaware monsters.
You are incapable of wielding weapons or throwing items.
You cannot wear armour.
You gain extra lives every three experience levels.


Message History

You are engulfed in blazing flames.
* * * LOW HITPOINT WARNING * * *
The fire bat barely misses you. The fire bat closely misses you.
The fire bat completely misses you. The fire bat closely misses you.
The hell hound closely misses you. The fire bat closely misses you.
Okay, then.
A magic seal in the Gauntlet prevents long-range teleports.
Really read
Y - a scroll of blinking {!r}?
Okay, then.
Really read
Y - a scroll of blinking {!r}?
Blink to where?
Press: ? - help, Dir - move target
As you read the scroll of blinking {!r}, it crumbles to dust.
The fire bat barely misses you. The fire bat bites you.
* * * LOW HITPOINT WARNING * * *
You are engulfed in flames!
* * * LOW HITPOINT WARNING * * *
The fire bat closely misses you. The fire bat bites you.
* * * LOW HITPOINT WARNING * * *
You are engulfed in flames!
You die...
The fire crab breathes flames at something.
You are now level 10!
You rejoin the land of the living...
There is a transporter here.
You enter the transporter and appear at another place.
There is a transporter, spattered with blood here.
You enter the transporter and appear at another place.
The minotaur bellows!
The minotaur throws a javelin.
The javelin pierces through you!!
Ouch! That really hurt!
* * * LOW HITPOINT WARNING * * *
The minotaur throws a javelin.
The javelin closely misses you.
The minotaur throws a javelin.
The javelin completely misses you.
Your crimson imp blinks!
The minotaur throws a javelin.
The javelin closely misses you.
The minotaur throws a javelin.
The javelin pierces through you!!
Ouch! That really hurt!
You die...
Your body crumbles into a pile of gold.

###.##. #.##.## #.
...###.....# #.
#.##∩##.##.#
##.##.##.##.##.##
#....H.#.#......#
###.##.#.###.##.#
###.##.#'###.##.#
#...............#
#.##.##.##.##@###
#.##.##.##.##.###
#...............#
##.##.##.##H##.##
###.##.##.##.##.###
##≈...............≈##
#≈≈..8©8©8©8©8©8..≈≈#
##≈...............≈##
# ###################
### ### ###


You could see a minotaur.

Vanquished Creatures
  2 electric eels (D:7)
  A bat (D:3)
3 creatures vanquished.

Vanquished Creatures (collateral kills)
  A hydra (Lair:2)
  Fannar (Lair:1)
  Erica (D:9)
  A cyclops (D:7)
  2 black mambas (Lair:1)
  4 cane toads
  An unseen horror (D:9)
  3 kobold demonologists
  A komodo dragon (Lair:2)
  A troll (D:10)
  A hornet (D:7)
  A polar bear (Lair:1)
  A ynoxinul (Gauntlet)
  2 wraiths
  9 yaks (Lair:2)
  A redback (Lair:2)
  A steam dragon (D:8)
  A spectral komodo dragon (Gauntlet)
  An acid dragon (D:10)
  7 water moccasins
  An orc warrior (D:8)
  An ice beast (D:6)
  2 sky beasts
  3 necrophages
  2 ogres (D:4)
  3 centaurs
  A phantom (D:4)
  5 kobold brigands
  2 lemures (D:5)
  An elf zombie (Ossuary)
  6 bullfrogs
  A wyvern skeleton (D:7)
  8 killer bees
  9 wights (D:7)
  3 electric eels (D:7)
  2 howler monkeys (D:9)
  4 bullfrog zombies
  A gnoll shaman (D:7)
  3 human zombies (Ossuary)
  2 centaur skeletons
  5 centaur zombies
  2 bullfrog skeletons
  4 hounds
  5 orc priests
  Crazy Yiuf (D:2)
  4 iron imps (Gauntlet)
  3 iguanas
  5 orc wizards
  2 mummies (Ossuary)
  7 gnolls
  A howler monkey zombie (D:10)
  8 adders
  A shadow imp (D:7)
  3 white imps
  2 ufetubi
  An adder zombie (Ossuary)
  2 worms
  A dart slug (D:2)
  22 orcs
  2 bats (D:2)
  8 endoplasms
  A giant cockroach (D:4)
  6 goblins
  3 hobgoblins
  4 jackals (D:2)
  3 quokkas
  4 ball pythons
  2 frilled lizards (D:2)
  2 goblin zombies (Ossuary)
  10 hobgoblin zombies (Ossuary)
  19 kobolds
  8 kobold zombies (Ossuary)
  9 orc zombies (Ossuary)
  A rat (D:2)
  A rat zombie (Ossuary)
  A spectral orc (D:8)
264 creatures vanquished.

Vanquished Creatures (others)
  2 two-headed ogres (D:8)
  Pikel (D:5)
  A manticore (D:7)
  Joseph (D:9)
  A slime creature (D:7)
  A wyvern (D:9)
  Edmund (D:5)
  Menkaure (D:4)
  2 lemures (D:5)
  Blork the orc (D:4)
  A bullfrog (D:7)
  A wight (D:7)
  An orc (D:7)
  2 fungi (D:2)
  62 plants
  A snaplasher vine (Lair:2)
80 creatures vanquished.

Grand Total: 347 creatures vanquished

Notes
Turn   | Place    | Note
-------+----------+-------------------------------------------
     0 | D:1      | wakim the Felid Summoner began the quest for the Orb.
     0 | D:1      | Reached XP level 1. HP: 7/7 MP: 4/4
   236 | D:1      | Found a faded altar of an unknown god.
   375 | D:1      | Reached XP level 2. HP: 11/11 MP: 1/6
   628 | D:2      | Learned a level 2 spell: Call Imp
   739 | D:2      | Reached XP level 3. HP: 14/14 MP: 5/8
   842 | D:2      | Learned a level 3 spell: Call Canine Familiar
  1003 | D:2      | Reached XP level 4. HP: 18/18 MP: 4/9
  1173 | D:2      | Reached skill level 5 in Summonings
  1647 | D:2      | Found a runed translucent door.
  1648 | D:2      | Noticed Crazy Yiuf
  1740 | D:2      | Killed Crazy Yiuf
  1930 | D:3      | Learned a level 3 spell: Summon Guardian Golem
  2260 | D:3      | Found a sacrificial altar of Ru.
  2432 | D:3      | Reached XP level 5. HP: 19/21 MP: 6/11
  2805 | D:4      | Reached skill level 1 in Hexes
  3079 | D:4      | Noticed a phantom
  3120 | D:4      | Killed a phantom
  3121 | D:4      | Gained mutation: You are covered in thick fur. (AC +2)
                  | [Felid growth]
  3121 | D:4      | Reached XP level 6. HP: 24/24 MP: 10/13
  3170 | D:4      | Noticed Blork the orc
  3197 | D:4      | Killed Blork the orc
  3198 | D:4      | Reached skill level 6 in Summonings
  3306 | D:4      | Found a glowing golden altar of the Shining One.
  3343 | D:4      | Found a burning altar of Makhleb.
  3353 | D:4      | Noticed Menkaure
  3377 | D:4      | Killed Menkaure
  3423 | D:4      | Reached skill level 5 in Hexes
  3423 | D:4      | Reached XP level 7. HP: 18/27 MP: 7/14
  3843 | D:4      | Learned a level 4 spell: Summon Lightning Spire
  4146 | D:4      | Reached skill level 1 in Air Magic
  4227 | D:4      | Reached skill level 7 in Summonings
  4404 | D:5      | Entered Level 5 of the Dungeon
  4520 | D:5      | Noticed Edmund
  4533 | D:5      | Killed Edmund
  4630 | D:5      | Reached XP level 8. HP: 31/31 MP: 9/15
  4684 | D:5      | Reached skill level 8 in Summonings
  4713 | D:5      | Found a sand-covered staircase.
  4719 | Ossuary  | Entered an ossuary
  5580 | D:5      | Noticed Pikel
  5635 | D:5      | Killed Pikel
  5636 | D:5      | Reached skill level 9 in Summonings
  5636 | D:5      | Reached skill level 5 in Air Magic
  5636 | D:5      | Reached XP level 9. HP: 34/34 MP: 11/16
  5882 | D:5      | Found an ornate altar of the Wu Jian Council.
  5950 | D:6      | You are sucked into a shaft and drop 2 floors!
  5993 | D:8      | Found a hazy altar of Hepliaklqana.
  6075 | D:8      | Noticed a two-headed ogre
  6097 | D:8      | Killed a two-headed ogre
  6098 | D:8      | Reached skill level 10 in Summonings
  6262 | D:8      | Noticed a two-headed ogre
  6286 | D:8      | Killed a two-headed ogre
  6495 | D:6      | Reached skill level 11 in Summonings
  6574 | D:6      | Reached XP level 10. HP: 31/37 MP: 11/17
  6681 | D:6      | Found an ancient bone altar of Kikubaaqudgha.
  6683 | D:6      | Found a shimmering altar of Xom.
  7014 | D:7      | Found a staircase to the Ecumenical Temple.
  7023 | Temple   | Entered the Ecumenical Temple
  7029 | Temple   | Became a worshipper of Gozag Ym Sagoz the Greedy
  7075 | D:7      | Noticed a sun demon
  7143 | D:7      | Noticed a soul eater
  7149 | D:7      | Noticed a rust devil
  7171 | D:7      | Noticed a smoke demon
  9621 | D:9      | Noticed Joseph
 10134 | D:7      | Reached skill level 12 in Summonings
 10330 | D:7      | Noticed a cyclops
 10937 | D:7      | Killed a cyclops
 11034 | D:7      | Noticed a manticore
 11051 | D:7      | Killed a manticore
 11640 | D:7      | Reached XP level 11. HP: 29/40 MP: 18/18
 12433 | D:9      | Found a sparkling altar of Nemelex Xobeh.
 12480 | D:9      | Found Joaczaa's Antique Weapon Shoppe.
 12480 | D:9      | Noticed Erica
 12496 | D:9      | Killed Erica
 12497 | D:9      | Reached skill level 10 in Air Magic
 12615 | D:9      | Reached skill level 13 in Summonings
 13129 | D:9      | Found a staircase to the Orcish Mines.
 14174 | D:9      | Killed Joseph
 14337 | D:10     | Entered Level 10 of the Dungeon
 14477 | D:10     | Found Pughetiq's Practical Paraphernalia.
 14496 | D:10     | Bought a phantom mirror for 520 gold pieces
 15030 | D:10     | Found a shimmering blue altar of Sif Muna.
 15073 | D:10     | Found a staircase to the Lair.
 15229 | Lair:1   | Entered Level 1 of the Lair of Beasts
 15237 | Lair:1   | Reached skill level 14 in Summonings
 15307 | Lair:1   | Noticed Fannar
 15320 | Lair:1   | Killed Fannar
 15321 | Lair:1   | Reached skill level 1 in Fighting
 15650 | Lair:1   | Learned a level 5 spell: Summon Forest
 15737 | Lair:1   | Reached skill level 1 in Translocations
 16520 | Lair:2   | Reached skill level 5 in Dodging
 16781 | Lair:2   | Found a hole to the Spider Nest.
 16813 | Lair:2   | Noticed a four-headed hydra
 16822 | Lair:2   | Gained mutation: Your thick and shaggy fur keeps you warm.
                  | (AC +3, rC+) [Felid growth]
 16822 | Lair:2   | Reached XP level 12. HP: 49/49 MP: 12/19
 16830 | Lair:2   | Killed a four-headed hydra
 16864 | Lair:2   | Found a gate leading to a gauntlet.
 16873 | Gauntlet | Entered a Gauntlet
 16873 | Gauntlet | Found a transporter.
 16877 | Gauntlet | Noticed a death scarab
 16900 | Gauntlet | Found a transporter.
 16904 | Gauntlet | Found a transporter.
 16912 | Gauntlet | Found a transporter.
 16916 | Gauntlet | Found a transporter.
 16929 | Gauntlet | Found a transporter.
 16937 | Gauntlet | Found a transporter.
 16941 | Gauntlet | Found a transporter.
 16952 | Gauntlet | Found a transporter.
 16960 | Gauntlet | Found a runed translucent door.
 16989 | Gauntlet | Found a transporter.
 17001 | Gauntlet | Found a transporter.
 17004 | Gauntlet | Found a transporter.
 17014 | Gauntlet | Found a transporter.
 17027 | Gauntlet | Found a transporter.
 17321 | Gauntlet | Identified the ring "Miekod" {rPois rF+}
 17321 | Gauntlet | Noticed a minotaur
 17355 | Gauntlet | Hit by a javelin thrown by a minotaur
 17356 | Gauntlet | Reached XP level 11. HP: -22/42 MP: 7/18
 17518 | Gauntlet | Identified the ring of the Modern Friars {rC++ rCorr Str+2
                  | SInv}
 17520 | Gauntlet | Slain by a fire bat
 17521 | Gauntlet | Reached XP level 10. HP: -1/42 MP: 17/17
 17547 | Gauntlet | Hit by a javelin thrown by a minotaur

Illustrated notes

Levels and vault maps discovered:
D:1:      lemuel_arrival_behind_the_door_large, layout_loops_ring,
          shapermc_ecumenical_altar_acropolis
D:2:      layout_basic, uniq_crazy_yiuf_cottage
D:3:      layout_loops_ring, mainiacjoe_overflow_boulevard,
          minmay_misc_feat_rows, solitary_fountain, serial_bayou_lagoon_a
D:4:      layout_layer_cave, nicolae_overflow_squiral, st_stairs_13,
          uniq_menkaure, uniq_blork_the_orc
D:5:      layout_loops_cross, kennysheep_mini, nicolae_ossuary_entry_plus,
          uniq_pikel, uniq_edmund
D:6:      layout_rooms, chequers_temple_overflow_statue_of_worship
D:7:      nzn_winding_woodlands_medium [nzn_winding_woodlands_5x5_checkerboard,
          nzn_winding_woodlands_5x15_garden, nzn_winding_woodlands_hourglass,
          nzn_winding_woodlands_5x5_closed_star,
          nzn_winding_woodlands_center_garden, nzn_winding_woodlands_5x5_cross,
          nzn_winding_woodlands_5x5_open_star,
          nzn_winding_woodlands_5x15_crooked, nzn_winding_woodlands_5x5_three],
          layout_rooms, minmay_temple_entry_glassed_door, serial_bayou,
          serial_bayou_pond_c, serial_bayou_lake_a, serial_bayou_ford_a
D:8:      layout_rooms, nicolae_hepliaklqana_monster_ancestors
D:9:      layout_cave_pods, nemelex_xobeh_ov_fountains_minmay, david_orc_3,
          serial_shops, nicolae_shop_stone, uniq_erica, uniq_joseph
D:10:     layout_cross, lemuel_blue_sif_altar, lair_entry_dummy,
          nicolae_alphabet_shops, solitary_fountain, kennysheep_nondescript
Temple:   dshaligram_water_room_temple
Lair:1:   layout_cave_pods, minivault_27, uniq_fannar
Lair:2:   layout_cave_pods, spider_nest_entry_webs, gauntlet_entry_generic,
          serial_bayou_pond_c
Gauntlet: gammafunk_gauntlet_77_escape_option
          [minmay_gauntlet_arena_77_double_cross,
          minmay_gauntlet_arena_77_p_blocks,
          minmay_gauntlet_arena_77_radiant_squares,
          minmay_gauntlet_arena_77_terracotta_army,
          minmay_gauntlet_arena_77_path, gauntlet_exit_green]

Skill      XL: |  1  2  3  4  5  6  7  8  9 10 11 12 |
---------------+-------------------------------------+-----
Spellcasting   | 3 4 |  4.0
Summonings     | 5 6 7 9 11 12 14 | 14.7
Hexes          | 2 5 |  5.0
Air Magic      | 3 5 7 9 10 | 10.0
Fighting       | 3 |  3.9
Dodging        | 5 6 |  6.1
Translocations | 4 |  4.9
Stealth        | |  2.6

Action                   |  1- 3 |  4- 6 |  7- 9 | 10-12 || total
-------------------------+-------+-------+-------+-------++-------
Melee: Unarmed           |     2 |     7 |     3 |    21 ||    33
       Bite              |     1 |       |     1 |     1 ||     3
 Cast: Summon Small Mamm |    15 |    12 |     5 |     2 ||    34
       Call Imp          |     9 |    18 |     2 |     8 ||    37
       Call Canine Famil |       |    15 |    27 |    61 ||   103
       Summon Guardian G |       |     2 |     9 |    20 ||    31
       Summon Lightning  |       |       |    12 |    73 ||    85
       Summon Forest     |       |       |       |     2 ||     2
Evoke: Wand              |       |       |       |     7 ||     7
  Use: Scroll            |       |     1 |     4 |    16 ||    21
       Potion            |       |       |       |     2 ||     2
 Stab: Sleeping          |       |     1 |       |       ||     1
Armor: Skin              |       |     2 |     7 |     6 ||    15
Dodge: Dodged            |     5 |    17 |    26 |   220 ||   268

Table legend: (Time is in decaauts)
 A = Elapsed time spent in this place.
 B = Non-inter-level travel time spent in this place.
 C = Inter-level travel time spent in this place.
 D = Time resting spent in this place.
 E = Time spent auto-exploring this place.
 F = Levels seen in this place.
 G = Mean time per level.
                   A        B        C        D        E       F      G
               +--------+--------+--------+--------+--------+-----+--------+
         Total |  15715 |  15068 |    647 |   4440 |   4420 |  15 | 1047.7 |
       Dungeon |  13247 |  12709 |    538 |   3805 |   3524 |  10 | 1324.7 |
        Temple |     10 |     10 |      0 |      0 |      0 |   1 |   10.0 |
          Lair |   1461 |   1353 |    108 |    411 |    550 |   2 |  730.5 |
       Ossuary |    381 |    381 |      0 |      0 |    130 |   1 |  381.0 |
      Gauntlet |    614 |    614 |      0 |    224 |    215 |   1 |  614.0 |
               +--------+--------+--------+--------+--------+-----+--------+

Top non-repeatable levels by time:
     D:7: 3452 daAuts
     D:9: 1923 daAuts
     D:4: 1345 daAuts
     D:8: 1229 daAuts
     D:6: 1209 daAuts
  Lair:1: 1126 daAuts
     D:2: 1111 daAuts
     D:5: 931 daAuts
     D:3: 778 daAuts
    D:10: 742 daAuts
Gauntlet: 614 daAuts
     D:1: 522 daAuts
 Ossuary: 381 daAuts
  Lair:2: 335 daAuts
  Temple: 10 daAuts
